 Dungeon Crawl Stone Soup version 0.21.1-1-g345015fe64 (webtiles) character file.

646 LevaFresel the Slinger (level 7, 0/46 HPs)
             Began as a Halfling Hunter on June 3, 2018.
             Succumbed to Name63's ghost's poison
             ... on level 5 of the Dungeon.
             The game lasted 00:31:40 (4181 turns).

LevaFresel the Slinger (Halfling Hunter)            Turns: 4181, Time: 00:31:40

Health: 0/46       AC: 11    Str: 15    XL:     7   Next: 82%
Magic:  3/7        EV: 10    Int: 14    God:
Gold:   363        SH:  0    Dex: 15    Spells: 6/6 levels left

rFire    . . .     SeeInvis .   a - +1 hunting sling
rCold    . . .     Gourm    .   (shield restricted)
rNeg     + . .     Faith    .   l - +0 chain mail
rPois    .         Spirit   +   s - +1 helmet
rElec    .         Reflect  .   c - scarf {Spirit}
rCorr    .         Harm     .   (no gloves)
MR       .....                  B - +0 pair of boots
Stlth    ..........             (no amulet)
HPRegen  0.15/turn              D - ring of positive energy
MPRegen  0.10/turn              (no ring)

@: brilliant, lethally poisoned (0 -> -27)
A: small, mutation resistance 1
a: no special abilities


You were on level 5 of the Dungeon.
You were not hungry.

You visited 1 branch of the dungeon, and saw 5 of its levels.

You collected 363 gold pieces.

Inventory:

Hand Weapons
 a - a +1 hunting sling (weapon)
 b - a +0 short sword
 q - a cursed -3 dagger
 w - a +0 blowgun
Missiles
 d - 36 sling bullets (quivered)
 i - 24 poisoned needles
 n - 119 stones
Armour
 c - a scarf of spirit shield (worn)
 l - a +0 chain mail (worn)
 s - a +1 helmet (worn)
 B - a +0 pair of boots (worn)
Magical Staves
 u - an uncursed staff of death
Jewellery
 D - a ring of positive energy (left hand)
Scrolls
 e - a scroll of amnesia {unknown}
 g - 2 scrolls of magic mapping
 h - 3 scrolls of teleportation
 r - 5 scrolls of remove curse
 t - a scroll of enchant weapon {unknown}
Potions
 j - a potion of brilliance
 m - a potion of curing {unknown}
 o - a potion of resistance {unknown}
 v - a potion of lignification {unknown}
 x - a potion of might {unknown}
 A - a potion of degeneration {unknown}
 C - a potion of heal wounds {unknown}
Comestibles
 f - 2 rations


   Skills:
 + Level 3.6 Fighting
 * Level 9.1 Slings
 + Level 4.4 Dodging
 + Level 4.3 Stealth


You had 6 spell levels left.
You didn't know any spells.

Dungeon Overview and Level Annotations

Branches:
Dungeon (5/15)             Temple (0/1) D:4

Altars:
Okawaru
Sif Muna
Trog
Vehumet
Xom
Zin

Annotations:
D:5 Name63's ghost, novice GnNe


Innate Abilities, Weirdness & Mutations

You are small and have problems with some larger weapons.
You are somewhat resistant to further mutation.


Message History

Aim: Name63's ghost, wielding a weapon of venom (heavily damaged)
You shoot a sling bullet.
The sling bullet hits Name63's ghost but does no damage.
Name63's ghost is heavily damaged.
* * * LOW HITPOINT WARNING * * *
You feel sick.
Name63's ghost hits you but does no damage.
You are more poisoned.
Firing (i - inventory. (,) - cycle):
d - 37 sling bullets (quivered)
Press: ? - help, Shift-Dir - straight line, f/p - Name63's ghost
Aim: Name63's ghost, wielding a weapon of venom (heavily damaged)
You shoot a sling bullet.
The sling bullet hits Name63's ghost but does no damage.
Name63's ghost is heavily damaged.
Your surroundings suddenly seem different.
* * * LOW HITPOINT WARNING * * *
You feel sick.
It was a potion of brilliance.
You feel clever all of a sudden.
You die...

###.### ####### #.#
#.....# #.# #.....#
####.### #.....# #......#
##.....## #.##.#.#
#.......# #.##...#
#.......# #.###..#
#..#.#..# #.###..#
#..#@#..# #......#
#..#.#..#
#####.#####...<...#
#....(........# ### ###
.......##.##.#..######.##
)..#
.#####.##.##...........<#
.... #.##.##.....#.###.##
#.... #.##.##.#...#.#
#..###.....
#.##.##.#...#.#
#...#......


There were no monsters in sight!

Vanquished Creatures
  A sky beast (D:5)
  A phantom (D:4)
  3 scorpions
  A crimson imp (D:5)
  2 hounds
  An orc priest (D:4)
  2 orc wizards (D:4)
  A worker ant (D:4)
  A hound skeleton (D:4)
  3 adders
  An ooze (D:3)
  3 worms
  4 dart slugs
  A leopard gecko (D:2)
  5 orcs (D:4)
  A ball python (D:1)
  2 giant cockroaches
  5 goblins
  7 hobgoblins
  2 jackals (D:4)
  2 quokkas
  7 bats
  3 frilled lizards
  12 kobolds
  13 rats
84 creatures vanquished.

Notes
Turn   | Place    | Note
-------+----------+-------------------------------------------
     0 | D:1      | LevaFresel the Halfling Hunter began the quest for the Orb.
     0 | D:1      | Reached XP level 1. HP: 14/14 MP: 1/1
   241 | D:1      | Reached skill level 6 in Slings
   241 | D:1      | Reached XP level 2. HP: 19/19 MP: 2/2
   920 | D:2      | Found a deep blue altar of Sif Muna.
   949 | D:2      | Reached XP level 3. HP: 5/24 MP: 3/3
  1217 | D:2      | Found a radiant altar of Vehumet.
  1290 | D:2      | Reached XP level 4. HP: 19/29 MP: 4/4
  1558 | D:2      | Noticed a moth of wrath
  1561 | D:2      | Found a bloodstained altar of Trog.
  1840 | D:4      | Reached skill level 7 in Slings
  1840 | D:4      | Reached XP level 5. HP: 35/35 MP: 5/5
  2236 | D:3      | Reached XP level 6. HP: 41/41 MP: 6/6
  2516 | D:3      | Found a glowing silver altar of Zin.
  2908 | D:3      | Found an opulent altar of Gozag.
  2910 | D:3      | Found a glowing silver altar of Zin.
  2910 | D:3      | Found a deep blue altar of Sif Muna.
  2912 | D:3      | Found a shimmering altar of Xom.
  2912 | D:3      | Found a shimmering altar of Xom.
  2912 | D:3      | Found a bloodstained altar of Trog.
  3158 | D:4      | Found an iron altar of Okawaru.
  3236 | D:4      | Noticed a phantom
  3258 | D:4      | Killed a phantom
  3258 | D:4      | Reached skill level 8 in Slings
  3342 | D:4      | Reached XP level 7. HP: 35/46 MP: 4/7
  3519 | D:4      | Found a staircase to the Ecumenical Temple.
  4064 | D:5      | Entered Level 5 of the Dungeon
  4097 | D:5      | Reached skill level 9 in Slings
  4160 | D:5      | Noticed Name63's ghost (novice GnNe)
  4180 | D:5      | HP: 2/46 [poisoned by Name63's ghost]
  4181 | D:5      | Succumbed to Name63's ghost's poison

Skill      XL: |  1  2  3  4  5  6  7 |
---------------+----------------------+-----
Slings         | 6 7 8 9 |  9.1
Fighting       | 2 3 |  3.6
Stealth        | 2 3 4 |  4.3
Dodging        | 3 4 |  4.4

Action                   |  1- 3 |  4- 6 |  7- 9 || total
-------------------------+-------+-------+-------++-------
Melee: Short sword       |    44 |     8 |       ||    52
 Fire: Hunting sling     |    47 |   222 |   101 ||   370
  Use: Scroll            |       |     5 |     4 ||     9
       Potion            |       |       |     1 ||     1
  Eat: Ration            |     1 |     1 |     1 ||     3
Armor: Ring mail         |    17 |       |       ||    17
       Chain mail        |    10 |    55 |    29 ||    94
Dodge: Dodged            |    38 |    47 |    22 ||   107
